AoeStats
← FC_M@sTer

Arabia

507399145Analyzed
1v1 RM · 15d ago on Sep 18, 2026· 51m 0s· 2 players
Game mode
Random Map
Map size
Tiny (2 player)
Population
200
Speed
Normal
Resources
Standard
Victory
Conquest
Starting age
Dark Age
Ending age
Imperial Age
RankedLock teamsTeams togetherTeam positionsShared explorationLock speedFull tech treeHidden civsTurbo modeCheats
Victory
Defeat
🇨🇳 Poles · China
1630
+12
🇨🇴 Armenians · Colombia
1537
-12
Mariner
6:50 Loom
9:08 Feudal Age
10:13 Double-Bit Axe
17:48 Fletching
18:30 Horse Collar
20:15 Padded Archer Armor
22:58 Castle Age
22:25 Scale Barding Armor
22:13 Gold Mining
23:39 Bodkin Arrow
23:32 Elite Skirmisher
24:46 Leather Archer Armor
28:20 Wheelbarrow
29:21 Ballistics
29:09 Town Watch
29:50 Bow Saw
36:39 Stone Mining
37:38 Guard Tower
38:12 Chain Barding Armor
39:22 Bloodlines
39:13 Husbandry
42:55 Imperial Age
42:13 Szlachta Privileges
42:28 Forging
43:29 Cavalier
44:46 Iron Casting
44:37 Conscription
46:06 Chemistry
45:28 Bracer
51:38 Hand Cart
51:24 Heavy Plow
FC_M@sTer
7:19 Loom
9:48 Feudal Age
12:30 Double-Bit Axe
15:48 Fletching
15:58 Scale Mail Armor
22:39 Castle Age
21:19 Padded Archer Armor
20:45 Pikeman
22:50 Crossbowman
23:54 Bodkin Arrow
25:46 Man-at-Arms
26:53 Squires
29:34 Bloodlines
29:57 Leather Archer Armor
30:28 Horse Collar
32:11 Wheelbarrow
42:52 Imperial Age
41:44 Ballistics
41:48 Gold Mining
42:16 Heavy Plow
42:32 Husbandry
43:17 Arbalester
45:20 Chemistry
45:53 Bracer
46:07 Halberdier
Connection lost

Rejoining the realm…

Still unreachable

The connection could not be restored.

Session expired

The server has moved on; the page needs a fresh start.